 Dungeon Crawl Stone Soup version 0.30-b1-2-g02819fbbbe (webtiles) character file.

Game seed: 7056011508205838576

53 Borgoz the Trooper (level 3, -5/24 HPs)
             Began as a Gargoyle Berserker on June 16, 2023.
             Was a Believer of Trog.
             Slain by Terence
             ... wielding a +0 hand axe of distortion
              (14 damage)
             ... on level 2 of the Dungeon.
             The game lasted 00:01:37 (853 turns).

Borgoz the Trooper (Gargoyle Berserker)              Turns: 853, Time: 00:01:38

Health: -5/24      AC:  5    Str: 20    XL:     3   Next: 89%
Magic:  3/3        EV: 12    Int:  7    God:    Trog [**....]
Gold:   88         SH:  0    Dex: 11    Spells: 2/2 levels left

rFire   . . .        a - +0 mace
rCold   . . .        (no shield)
rNeg    + . .        b - +0 animal skin
rPois   ∞            (no helmet)
rElec   +            (no cloak)
rCorr   .            (no gloves)
SInv    .            (no boots)
Will    ++...        (no amulet)
Stlth   +            (no ring)
HPRegen 1.24/turn    (no ring)
MPRegen 0.08/turn

%: no passive effects
@: strong-willed, regenerating
A: sickness immunity, AC +3, negative energy resistance 1, electricity
resistance, torment resistance 1, petrification resistance
a: Renounce Religion, Berserk, Trog's Hand


You were on level 2 of the Dungeon.
You worshipped Trog.
Trog was pleased with you.
You visited 1 branch of the dungeon, and saw 2 of its levels.

You collected 88 gold pieces.

Inventory:

Hand Weapons
 a - a +0 mace (weapon)
Armour
 b - a +0 animal skin (worn)
Scrolls
 e - 2 scrolls of vulnerability {unknown}
 f - a scroll of enchant weapon {unknown}
 g - a scroll of noise {unknown}
 h - a scroll of identify {unknown}
Potions
 c - a potion of degeneration {unknown}
 d - a potion of berserk rage {unknown}
 i - a potion of haste {unknown}
 j - a potion of mutation {unknown}


   Skills:
 + Level 3.8 Fighting
 + Level 3.4 Maces & Flails
 + Level 2.9 Armour
 + Level 2.1 Dodging


You had 2 spell levels left.
You didn't know any spells.
Your spell library was empty.

Dungeon Overview and Level Annotations

Branches:
Dungeon (2/15)

Altars:
Ru

Annotations:
D:2 Terence


Innate Abilities, Weirdness & Mutations

You are immune to sickness and miasma.
Your stone body is resilient. (AC +3)
You are immune to poison.
You resist negative energy. (rN+)
You are resistant to electric shocks. (rElec)
You are resistant to unholy torment.
You are immune to petrification.


Message History

There is an open door here.
Found 8 stones.
Found a stone staircase leading down.
There is a stone staircase leading down here.
Found a barding.
No target in view!
No target in view!
i - a cyan potion You now have 78 gold pieces (gained 6).
j - a silvery potion You now have 88 gold pieces (gained 10).
You open the door.
Found a mace.
Found a stone staircase leading down.
No target in view!
No target in view!
A hobgoblin comes into view.
There is an open door here.
A hobgoblin is nearby!
The hobgoblin shouts!
Terence the Incautious comes into view.
He is wielding a +0 hand axe of distortion.
Terence shouts!
You hit the hobgoblin but do no damage. The hobgoblin hits you.
You thump the hobgoblin!
You kill the hobgoblin!
Trog accepts your kill.
You barely miss Terence. Terence barely misses you.
Terence shouts, "Get ready for death!"
Terence hits you with a +0 hand axe of distortion.
Space warps horribly around you!
You are too injured to fight recklessly!
You are too injured to fight recklessly!
Your skin crawls.
You feel strong-willed. Terence barely misses you.
You hit Terence. Your punch misses Terence.
Terence is moderately wounded.
Terence looks scornfully at you.
Terence hits you with a +0 hand axe of distortion.
Space warps horribly around you!
Ouch! That really hurt!
You die...

.... #....#
....###....###
.............#
.............#
.............#
.....>.......+
#....@....#
#...@.....#
#.).......#
#.........#
##'########
#.# #.# #.#
#.# #.#####


You could see Terence.

Vanquished Creatures
  An adder (D:2)
  2 dart slugs (D:1)
  5 ball pythons (D:1)
  2 endoplasms (D:1)
  A giant cockroach (D:1)
  4 goblins (D:1)
  7 hobgoblins
  3 quokkas (D:1)
  5 bats
  2 frilled lizards (D:1)
  A kobold (D:1)
  4 rats (D:1)
37 creatures vanquished.

Notes
Turn   | Place    | Note
-------+----------+-------------------------------------------
     0 | D:1      | Borgoz the Gargoyle Berserker began the quest for the Orb.
     0 | D:1      | Reached XP level 1. HP: 14/14 MP: 1/1
    59 | D:1      | Reached XP level 2. HP: 5/19 MP: 2/2
   222 | D:1      | Reached XP level 3. HP: 7/24 MP: 3/3
   535 | D:1      | Reached ** piety under Trog
   730 | D:2      | Found a sacrificial altar of Ru.
   846 | D:2      | Noticed Terence
   853 | D:2      | Slain by Terence

Illustrated notes

Levels and vault maps discovered:
D:1:      minmay_arrival_floating_metal, layout_rooms, minmay_split_cup_small
D:2:      layout_basic, basic_altar, minmay_bisected, uniq_terence

Skill      XL: |  1  2  3 |
---------------+----------+-----
Dodging        | 2 |  2.1
Fighting       | |  3.8
Maces & Flails | |  3.4
Armour         | |  2.9

Action                     || total
---------------------------++-------
  Melee: Mace              ||   111
 Invoke: Berserk           ||     2
         Trog's Hand       ||     1
   Stab: Sleeping          ||     1
 Armour: Animal skin       ||    62
  Dodge: Dodged            ||   102
